 Dungeon Crawl Stone Soup version 0.20.1-1-g8b1a95d (webtiles) character file.

8073 Targos the Stinger (level 11, -3/79 HPs)
             Began as a Human Venom Mage on Aug 9, 2017.
             Was a Priest of Ru.
             Slain by a warg (6 damage)
             ... on level 1 of the Orcish Mines on Aug 15, 2017.
             The game lasted 03:18:03 (12340 turns).

Targos the Stinger (Human Venom Mage)              Turns: 12340, Time: 03:18:04

Health: -3/79      AC:  9    Str: 11    XL:     11   Next: 49%
Magic:  22/22      EV: 12    Int: 21    God:    Ru [***...]
Gold:   240        SH:  0    Dex: 14    Spells: 10/25 levels left

rFire    . . .     SeeInvis .   a - +0 quarterstaff
rCold    . . .     Gourm    .   (shield currently unavailable)
rNeg     + . .     Faith    .   R - +1 ring mail of Feasting {rF- Int+5}
rPois    .         Spirit   .   K - +0 helmet
rElec    .         Reflect  .   z - +0 cloak
rCorr    .         Harm     .   h - +0 pair of gloves
MR       .....                  (no boots)
Stlth    ++........             (no amulet)
Regen    0.3/turn               x - ring of protection from fire
MPRegen  0.2/turn               B - ring of positive energy

@: exhausted, no potions, very slightly contaminated, drained
A: inability to drink while threatened, inability to train armour, no ice magic,
no summoning magic, no transmutations magic
a: Draw Out Power, Renounce Religion


You were on level 1 of the Orcish Mines.
You worshipped Ru.
Ru was most pleased with you.
You were near starving.

You visited 2 branches of the dungeon, and saw 11 of its levels.
You also visited: Sewer.

You collected 451 gold pieces.
You spent 211 gold pieces at shops.

Inventory:

Hand Weapons
 a - a +0 quarterstaff (weapon)
 b - a +0 blowgun
Missiles
 u - 47 poisoned needles
Armour
 g - the +1 robe "Mapig" {-Tele Str+8 Int+4}
   (You found it on level 7 of the Dungeon)

   It affects your strength (+8).
   It affects your intelligence (+4).
   It prevents most forms of teleportation.
 h - a +0 pair of gloves (worn)
 z - a +0 cloak (worn)
 K - a +0 helmet (worn)
 R - the +1 ring mail of Feasting (worn) {rF- Int+5}
   (You found it on level 10 of the Dungeon)

   It affects your intelligence (+5).
   It makes you vulnerable to fire.
Jewellery
 j - an uncursed ring of stealth
 r - an uncursed ring of flight
 x - a ring of protection from fire (left hand)
 B - a ring of positive energy (right hand)
 C - an uncursed ring of ice
Wands
 o - a wand of clouds (0/9)
 q - a wand of lightning (1/15)
 y - a wand of digging (4/24)
 D - a wand of paralysis (10/24)
 G - a wand of iceblast (0/15)
 H - a wand of confusion (21/48)
 L - a wand of polymorph (11/24)
 M - a wand of enslavement (6/24)
 O - a wand of flame (0/48)
 P - a wand of lightning (11/15)
Scrolls
 d - 3 scrolls of amnesia
 e - 2 scrolls of recharging
 f - 2 scrolls of magic mapping
 i - 3 scrolls of immolation
 k - 4 scrolls of enchant weapon
 l - 3 scrolls of enchant armour
 n - 6 scrolls of remove curse
 A - a scroll of holy word {unknown}
Potions
 p - 3 potions of haste {unknown}
 s - a potion of invisibility {unknown}
 t - 3 potions of curing
 E - 2 potions of flight {unknown}
 F - 3 potions of mutation {unknown}
Books
 v - a Young Poisoner's Handbook

   Spells                             Type                      Level
   a - Sting                          Conjuration/Poison           1
   b - Poisonous Vapours              Poison/Air                   2
   c - Mephitic Cloud                 Conjuration/Poison/Air       3
   d - Olgreb's Toxic Radiance        Poison                       4
   e - Venom Bolt                     Conjuration/Poison           5
Comestibles
 c - 13 bread rations


   Skills:
 + Level 5.0(4.6) Fighting
 + Level 7.0(6.6) Staves
 + Level 2.6(2.2) Throwing
 + Level 4.8(4.4) Dodging
 + Level 4.2(3.8) Stealth
 + Level 7.6(7.2) Spellcasting
 + Level 4.8(4.5) Conjurations
 + Level 7.9(7.5) Poison Magic
 + Level 2.0(1.7) Evocations


You had 10 spell levels left.
You knew the following spells:

 Your Spells              Type           Power        Failure   Level  Hunger
a - Sting                 Conj/Pois      ####         1%          1    None
b - Poisonous Vapours     Pois/Air       ###...       7%          2    None
c - Mephitic Cloud        Conj/Pois/Air  ###.....     12%         3    None
d - Olgreb's Toxic Radia  Pois           #####...     10%         4    ###....
e - Venom Bolt            Conj/Pois      ####......   43%         5    #####..


Dungeon Overview and Level Annotations

Branches:
Dungeon (10/15)            Temple (0/1) D:4            Lair (0/6) D:10
    Orc (1/2) D:10

Altars:
Ashenzari
Hepliaklqana
Nemelex Xobeh
Ru
Sif Muna
Vehumet
Beogh

Shops:
D:4 (*   D:7 [   D:8 *

Annotations:
Orc:1 Erica, Maurice


Innate Abilities, Weirdness & Mutations

You cannot drink potions while threatened.
You cannot train Armour skill.
You cannot study or cast Ice magic.
You cannot study or cast Summoning magic.
You cannot study or cast Transmutations magic.


Message History

Ru says: Sacrifice that you might gain great power!
Press ? for a list of commands and other information.
Evoke which item? (* to show all) (? for menu, Esc to quit)
Aiming: Dig (will waste charges)
Press: ? - help, Shift-Dir - straight line The rock shatters into small pieces.
The orc wizard shouts!
Evoking this partially-identified wand wasted a few charges.
The stone giant looks more healthy.
The orc priest looks more healthy.
The orc wizard casts a spell.
The orc wizard blinks!
The warg bites you but does no damage.
Maurice hits you with a dagger of speed!
* * * LOW HITPOINT WARNING * * *
Maurice steals your glowing dark potion!
The orc wizard miscasts a cantrip.
Maurice says, "Very interesting."
Maurice hits you but does no damage.
The orc priest begins to pray, but is stunned by your will!
The warg bites you.
You die...

,,**,,,** ****..o,,,,*
***,,,,,*** ###.o,,,***
*,*,,,,,*,** #.#..,,,,,**
,,,,,,,,,,,** ##...,*,,o..#*
,,,,**,,,,,,**##.o.#**,,....*
,,,,***,,,,,,*,..o§###*o....*
,..#*#..,,,,***,#....#*.†...***
,...##..,**** *##ho@.#.....#,,***
*#...#..## #@##C.#.)..#,,,,,*
**......## #.###.[....##,,,,,,
***,......# #.###.C......#,,,,,,
*,,,*#....###.##............,,,,,
,..,,*#......# #.C.###......**,,,
*#.,**#.<...# #...#**#)...#*****
,#..,*##....# #...*,**#...$***,,
,#..###..#.#####.#.,,.#,....,,,,,
,#...#...###....###...>,,#..,,,,*


You could see Maurice, a warg, an orc warrior, an orc priest and 2 orcs.

Vanquished Creatures
  A two-headed ogre (D:9)
  A manticore (D:8)
  Psyche (D:8)
  2 trolls
  A hornet (D:7)
  4 centaurs
  2 dream sheep (D:8)
  2 yaks (D:8)
  A hungry ghost (D:10)
  Menkaure (D:7)
  A steam dragon (D:10)
  A water moccasin (D:6)
  An orc warrior (D:7)
  2 sky beasts
  2 black bears (D:9)
  An ice beast (D:10)
  A necrophage (D:10)
  2 phantoms
  2 wolves (D:10)
  3 ogres
  2 big kobolds (D:8)
  6 bullfrogs
  2 gnoll sergeants
  7 scorpions
  6 killer bees (D:8)
  2 howler monkeys
  3 electric eels (D:10)
  2 bullfrog zombies
  5 crimson imps
  3 centaur zombies
  2 orc priests
  11 hounds
  2 centaur skeletons
  2 bullfrog skeletons (D:9)
  A jelly (D:6)
  10 orc wizards
  7 worker ants
  2 iguanas
  A hound skeleton (D:7)
  10 gnolls
  21 adders
  3 river rats
  3 shadow imps
  An ooze (Sewer)
  3 adder skeletons
  4 worms
  A dart slug (D:2)
  7 leopard geckos
  35 orcs
  9 ball pythons
  4 bats
  4 giant cockroaches
  11 goblins
  5 hobgoblins
  11 jackals
  7 kobolds
  9 quokkas
  5 frilled lizards
  A giant cockroach zombie (D:5)
  A jackal skeleton (D:6)
  A leopard gecko zombie (D:9)
  A quokka zombie (D:7)
  33 rats
298 creatures vanquished.

Vanquished Creatures (others)
  A troll (D:9)
1 creature vanquished.

Grand Total: 299 creatures vanquished

Notes
Turn   | Place    | Note
-------+----------+-------------------------------------------
     0 | D:1      | Targos the Human Venom Mage began the quest for the Orb.
     0 | D:1      | Reached XP level 1. HP: 13/13 MP: 3/3
     0 | D:1      | Staves
     0 | D:1      | Throwing
     0 | D:1      | Poison + Conj
   221 | D:1      | Reached XP level 2. HP: 19/19 MP: 0/5
   227 | D:1      | Learned a level 2 spell: Poisonous Vapours
   762 | D:1      | Reached XP level 3. HP: 22/24 MP: 4/6
   767 | D:1      | Learned a level 3 spell: Mephitic Cloud
  1374 | D:2      | Reached XP level 4. HP: 23/30 MP: 3/7
  1593 | D:2      | Reached skill level 1 in Armour
  2051 | D:3      | Found a glowing drain.
  2073 | D:3      | Reached XP level 5. HP: 10/36 MP: 1/9
  2110 | Sewer    | Entered a sewer
  2563 | Sewer    | Learned a level 4 spell: Olgreb's Toxic Radiance
  2908 | Sewer    | Reached XP level 6. HP: 41/42 MP: 3/10
  3027 | D:3      | Reached XP level 7. HP: 15/47 MP: 6/12
  3508 | D:4      | Reached skill level 1 in Fighting
  3544 | D:4      | Found Rado Paseh's General Store.
  3664 | D:4      | Found a staircase to the Ecumenical Temple.
  3720 | D:4      | Found Wakusi's Antique Weapon Shop.
  4130 | D:4      | Bought a quarterstaff for 128 gold pieces
  4178 | D:4      | Bought a scroll of fear for 35 gold pieces
  4178 | D:4      | Bought a scroll of identify for 20 gold pieces
  4217 | D:5      | Entered Level 5 of the Dungeon
  4343 | D:5      | Found a sacrificial altar of Ru.
  4356 | D:5      | Became a worshipper of Ru the Awakened
  4749 | D:5      | Reached skill level 1 in Staves
  4749 | D:5      | Reached XP level 8. HP: 50/54 MP: 14/14
  5804 | D:6      | Gained mutation: You cannot study or cast Ice magic. [Ru sacrifice]
  5804 | D:6      | Gained mutation: You cannot study or cast Transmutations magic. [Ru sacrifice]
  5804 | D:6      | Gained mutation: You cannot study or cast Summoning magic. [Ru sacrifice]
  5804 | D:6      | Reached * piety under Ru
  5862 | D:6      | Reached skill level 5 in Poison Magic
  5869 | D:6      | Learned a level 5 spell: Venom Bolt
  6370 | D:6      | Reached XP level 9. HP: 24/61 MP: 13/15
  6504 | D:7      | Found a deep blue altar of Sif Muna.
  6506 | D:7      | Found a radiant altar of Vehumet.
  6506 | D:7      | Found a hazy altar of Hepliaklqana.
  6509 | D:7      | Found a shattered altar of Ashenzari.
  6518 | D:7      | Found a sparkling altar of Nemelex Xobeh.
  7433 | D:7      | Reached skill level 5 in Armour
  7494 | D:7      | Found Lesixait's Antique Armour Emporium.
  7591 | D:7      | Noticed Menkaure
  7714 | D:7      | Noticed a hornet
  7719 | D:7      | Paralysed by a hornet for 3 turns
  7728 | D:7      | Killed a hornet
  7728 | D:7      | Reached skill level 1 in Throwing
  7790 | D:7      | Got a warped robe
  7801 | D:7      | Identified the +1 robe "Mapig" {-Tele Str+8 Int+4} (You found it on level 7 of the Dungeon)
  7964 | D:8      | Reached skill level 5 in Staves
  8008 | D:8      | Gained mutation: You cannot drink potions while threatened. [Ru sacrifice]
  8008 | D:8      | Reached ** piety under Ru
  8323 | D:8      | Noticed Psyche
  8354 | D:8      | Killed Psyche
  8354 | D:8      | Reached skill level 5 in Spellcasting
  8427 | D:8      | Reached XP level 10. HP: 68/70 MP: 3/17
  8910 | D:8      | Found Holl's General Store.
  8923 | D:8      | Noticed a manticore
  8930 | D:8      | Killed a manticore
  8944 | D:8      | Bought a scroll of identify for 28 gold pieces
  9350 | D:8      | Noticed a two-headed hydra
  9429 | D:7      | Killed Menkaure
  9750 | D:8      | Reached skill level 1 in Evocations
 10194 | D:9      | Noticed a two-headed ogre
 10300 | D:9      | Killed a two-headed ogre
 10366 | D:9      | Reached XP level 11. HP: 25/77 MP: 6/21
 11064 | D:10     | Entered Level 10 of the Dungeon
 11143 | D:10     | Gained mutation: You cannot train Armour skill. [Ru sacrifice]
 11143 | D:10     | Reached *** piety under Ru
 11446 | D:10     | Got an encrusted ring mail
 11457 | D:10     | Identified the +1 ring mail of Feasting {rF- Int+5} (You found it on level 10 of the Dungeon)
 11877 | D:10     | Found a staircase to the Orcish Mines.
 12161 | D:10     | Found a staircase to the Lair.
 12202 | D:10     | Reached skill level 5 in Fighting
 12274 | Orc:1    | Entered Level 1 of the Orcish Mines
 12291 | Orc:1    | Noticed a stone giant
 12298 | Orc:1    | Found a roughly hewn altar of Beogh.
 12324 | Orc:1    | Noticed Maurice
 12324 | Orc:1    | Noticed Erica
 12339 | Orc:1    | HP: 2/79 [Maurice/dagger of speed (9)]
 12340 | Orc:1    | Slain by a warg

Skill      XL: |  1  2  3  4  5  6  7  8  9 10 11 |
---------------+----------------------------------+-----
Armour         | 1 2 3 4 5 0 |  0.0
Poison Magic   | 4 5 7 |  7.9
Conjurations   | 2 3 4 |  4.8
Spellcasting   | 3 4 5 6 7 |  7.6
Fighting       | 1 2 3 4 5 |  5.0
Staves         | 1 3 5 6 7 |  7.0
Dodging        | 3 4 |  4.8
Stealth        | 3 4 |  4.2
Throwing       | 1 2 |  2.6
Evocations     | 1 2 |  2.0

Action                   |  1- 3 |  4- 6 |  7- 9 | 10-12 || total
-------------------------+-------+-------+-------+-------++-------
Melee: Whip              |    45 |       |       |       ||    45
       Mace              |     5 |       |       |       ||     5
       Hand axe          |       |    89 |    14 |       ||   103
       Quarterstaff      |       |       |   314 |   261 ||   575
       Short sword       |       |       |    26 |       ||    26
 Fire: Blowgun           |       |       |    12 |    33 ||    45
Throw: Throwing net      |       |       |     2 |       ||     2
 Cast: Sting             |    42 |    84 |   170 |    24 ||   320
       Poisonous Vapours |     3 |       |    14 |    71 ||    88
       Mephitic Cloud    |       |       |     2 |    17 ||    19
       Olgreb's Toxic Ra |       |       |     1 |    12 ||    13
       Venom Bolt        |       |       |       |     9 ||     9
Invok: Sacrifice Arcana  |       |       |     1 |       ||     1
       Sacrifice Drink   |       |       |     1 |       ||     1
       Draw Out Power    |       |       |       |     1 ||     1
       Sacrifice Durabil |       |       |       |     1 ||     1
Evoke: Wand              |       |     1 |     9 |    33 ||    43
  Use: Scroll            |     3 |     5 |    15 |     9 ||    32
       Potion            |       |     6 |     9 |     4 ||    19
 Stab: Sleeping          |     2 |       |     9 |     2 ||    13
       Fleeing           |       |     1 |       |       ||     1
       Distracted        |       |       |     1 |       ||     1
       Confused          |       |       |       |     3 ||     3
       Invisible         |       |       |       |     1 ||     1
  Eat: Fruit             |     5 |       |     9 |     8 ||    22
       Meat ration       |     1 |       |     3 |       ||     4
       Royal jelly       |       |       |       |     2 ||     2
       Chunk             |       |       |       |     5 ||     5
Armor: Robe              |     6 |       |     2 |    44 ||    52
       Ring mail         |    13 |    69 |    50 |    40 ||   172
       Scale mail        |       |       |    95 |       ||    95
Dodge: Dodged            |    38 |   106 |   200 |   202 ||   546
